 Dungeon Crawl Stone Soup version 0.23.2-40-g277498a (webtiles) character file.

Game seed: 10299944727360008245

8327 EternalSandwich the Cleaver (level 11, -4/77 HPs)
             Began as a Demonspawn Gladiator on Oct 9, 2019.
             Was an Elder of Cheibriados.
             Slain by an ogre
             ... wielding a +0 giant spiked club
              (14 damage)
             ... on level 2 of the Orcish Mines.
             The game lasted 00:43:29 (10592 turns).

EternalSandwich the Cleaver (Demonspawn Gladiator) Turns: 10592, Time: 00:43:30

Health: -4/77      AC: 17    Str: 25      XL:     11   Next: 8%
Magic:  11/11      EV:  9    Int: 16 (18) God:    Cheibriados [****..]
Gold:   877        SH: 10    Dex: 24      Spells: 10/10 levels left

rFire    + . .     SeeInvis .   N - +6 war axe (curse)
rCold    x . .     Gourm    .   p - +1 shield
rNeg     + . .     Faith    .   O - +2 scale mail {rN+}
rPois    .         Spirit   .   d - +2 helmet
rElec    .         Reflect  .   (no cloak)
rCorr    .         Harm     .   I - +0 pair of gloves
MR       .....                  T - +1 pair of boots
Stlth    ++........             (no amulet)
HPRegen  0.22/turn              t - ring of fire
MPRegen  0.12/turn              Q - ring of stealth

@: lethally poisoned (-4 -> -6), studying Throwing, lightly drained, very slow
A: hooves 1, rugged brown scales 3, demonic guardian 1, spiny 1, weak 1
a: Bend Time, Temporal Distortion, Slouch, Renounce Religion


You were on level 2 of the Orcish Mines.
You worshipped Cheibriados.
Cheibriados was greatly pleased with you.
You were not hungry.

You visited 2 branches of the dungeon, and saw 12 of its levels.

You collected 1039 gold pieces.
You spent 162 gold pieces at shops.

Inventory:

Hand Weapons
 N - a cursed +6 war axe (weapon)
Missiles
 n - 6 tomahawks (quivered)
 r - a throwing net
 x - a javelin
Armour
 a - the +2 leather armour "Xicu" {rPois}
   (You found it on level 8 of the Dungeon)

   It protects you from poison.
 d - a +2 helmet (worn)
 p - a +1 shield (worn)
 I - a +0 pair of gloves (worn)
 L - the +0 ring mail "Pagrue Jiynu" {rElec rF- rC+ MR+++}
   (You found it on level 5 of the Dungeon)

   It makes you vulnerable to fire.
   It protects you from cold.
   It insulates you from electricity.
   It affects your resistance to hostile enchantments.
 O - a +2 scale mail of positive energy (worn)
 T - a +1 pair of boots (worn)
Jewellery
 t - a ring of fire (left hand)
 M - an uncursed ring of magical power
 Q - a ring of stealth (right hand)
Wands
 v - a wand of enslavement (4)
 F - a wand of flame (13)
 H - a wand of polymorph (16)
 R - a wand of paralysis (11)
 S - a wand of iceblast (6)
Scrolls
 e - 2 scrolls of magic mapping {unknown}
 g - 9 scrolls of remove curse
 i - 4 scrolls of random uselessness {unknown}
 k - 9 scrolls of identify
 o - a scroll of fear {unknown}
 q - 3 scrolls of teleportation
 s - 4 scrolls of enchant weapon
 A - 2 scrolls of amnesia {unknown}
 B - 3 scrolls of fog {unknown}
 E - 4 scrolls of blinking {unknown}
 P - a scroll of summoning {unknown}
Potions
 b - 2 potions of cancellation {unknown}
 c - a potion of mutation {unknown}
 h - 2 potions of lignification {unknown}
 j - 4 potions of heal wounds
 l - a potion of resistance {unknown}
 m - 3 potions of invisibility {unknown}
 u - a potion of ambrosia {unknown}
 w - 4 potions of curing {unknown}
 z - a potion of berserk rage {unknown}
 C - 2 potions of agility {unknown}
 D - 2 potions of flight {unknown}
 G - a potion of brilliance {unknown}
 J - 2 potions of haste {unknown}
Books
 K - a manual of Throwing
Comestibles
 f - 18 rations
 U - 3 chunks of flesh


   Skills:
 - Level 2.0(1.7) Fighting
 - Level 14.8(14.5) Axes
 + Level 5.2(5.0) Throwing
 - Level 2.6(2.4) Dodging


You had 10 spell levels left.
You didn't know any spells.
Your spell library contained the following spells:

 Spells                   Type           Power        Failure   Level  Hunger
 Corona                   Hex            #......      99%         1    ##.....
 Flame Tongue             Conj/Fire      #....        99%         1    ##.....
 Ensorcelled Hibernation  Hex/Ice        #.....       100%        2    ###....
 Throw Flame              Conj/Fire      #.....       100%        2    ###....
 Confuse                  Hex            #.......     100%        3    ####...
 Conjure Flame            Conj/Fire      #.......     100%        3    ####...
 Dazzling Spray           Conj/Hex       #.....       100%        3    ####...
 Inner Flame              Hex/Fire       #.......     100%        3    ####...
 Tukima's Dance           Hex            #.......     100%        3    ####...
 Sticky Flame             Conj/Fire      #.......     100%        4    #####..
 Fireball                 Conj/Fire      #.........   100%        5    ######.


Dungeon Overview and Level Annotations

Branches:
Dungeon (10/15)            Temple (0/1) D:7            Lair (0/6) D:10
    Orc (2/2) D:10            Elf (0/3) Orc:2

Altars:
Cheibriados
Fedhas
Qazlal
Yredelemnul
Zin
The Shining One

Shops:
D:4 *   D:10 }   Orc:2 (

Annotations:
D:3 2 transporters, EternalSandwich's ghost, amateur DESu
D:5 2 runed translucent doors
Orc:2 Sonja


Innate Abilities, Weirdness & Mutations

You have large cloven feet.
You are completely covered in rugged brown scales. (AC +3, +7% HP)
A weak demonic guardian rushes to your aid.
You are partially covered in sharp spines.
You are weak. (Str -2)


Message History

You feel very sick.
You feel very sick.
You feel sick.
You feel very sick.
You feel sick.
You feel sick.
There is a stone staircase leading up here.
You feel sick.
You feel sick.
You feel yourself speed up.
You feel sick.
You feel sick.
The ogre shouts!
You feel sick.
You slash the ogre!
The ogre is heavily wounded.
You slash the ogre!
The ogre is almost dead.
The ogre hits you with a +0 giant spiked club!
You die...

#..........).)..#.## ####
#...##......).)..### #..##
###.##..........###
#####...###.#####........##
#.#......#...##.#.......####
.............#<[.#.........## ##
#...........###)............##.##
#.............##O...............#
................@..............##
.......#.#...........#.........##
.........#...........#..........#
........####........###..........
.......##...........##5.........#
.................<.............##
..............................##
............................###
##............##............#


You could see an ogre.

Vanquished Creatures
  Joseph (D:7)
  3 hippogriffs
  A basilisk (D:10)
  A wyvern (D:10)
  A human (D:9)
  5 yaks (D:10)
  2 hungry ghosts
  3 vampire mosquitoes (D:10)
  Menkaure (D:4)
  2 porcupines (D:10)
  An ice beast (D:9)
  4 phantoms
  6 orc warriors
  A sky beast (D:6)
  A black bear (D:9)
  9 ogres
  3 centaurs
  2 crocodiles (D:10)
  4 bullfrogs
  A wyvern zombie (D:8)
  3 scorpions
  3 killer bees
  9 wights (D:8)
  4 electric eels (D:7)
  5 crimson imps
  9 hounds
  3 jellies
  2 quasits
  A centaur zombie (D:10)
  6 orc priests
  12 orc wizards
  Jessica (D:2)
  2 iguanas (D:4)
  10 worker ants
  2 hound zombies
  2 hound skeletons
  A worker ant zombie (D:5)
  Robin (D:2)
  3 gnolls (D:7)
  7 adders
  A howler monkey skeleton (D:4)
  2 oozes (D:1)
  An adder skeleton (D:7)
  A worm (D:2)
  2 dart slugs
  8 leopard geckos
  40 orcs
  12 bats
  2 giant cockroaches
  12 goblins
  8 hobgoblins
  2 jackals (D:1)
  A quokka (D:9)
  4 ball pythons
  3 frilled lizards
  A jackal skeleton (D:9)
  5 kobolds
  A quokka skeleton (D:4)
  10 rats
254 creatures vanquished.

Vanquished Creatures (collateral kills)
  Grinder (D:6)
  A black bear (D:5)
  2 centaurs (D:5)
  An ogre (D:5)
  2 bullfrogs
  A killer bee (D:8)
  An electric eel (D:7)
  A killer bee zombie (D:5)
  A gnoll (D:7)
  An adder zombie (D:6)
  2 adder skeletons
  2 leopard geckos
  3 orcs
  A goblin (D:2)
  2 hobgoblins (D:2)
22 creatures vanquished.

Vanquished Creatures (others)
  An orc priest (Orc:1)
  An orc wizard (D:7)
  2 orcs (D:7)
  A quokka skeleton (D:8)
5 creatures vanquished.

Grand Total: 281 creatures vanquished

Notes
Turn   | Place    | Note
-------+----------+-------------------------------------------
     0 | D:1      | EternalSandwich the Demonspawn Gladiator began the quest
                  | for the Orb.
     0 | D:1      | Reached XP level 1. HP: 16/16 MP: 1/1
    45 | D:1      | Reached skill level 3 in Axes
    57 | D:1      | Gained mutation: A weak demonic guardian rushes to your
                  | aid. [demonic ancestry]
    57 | D:1      | Reached XP level 2. HP: 15/22 MP: 2/2
   332 | D:1      | Gained mutation: You are partially covered in rugged brown
                  | scales. (AC +1, +3% HP) [demonic ancestry]
   332 | D:1      | Reached XP level 3. HP: 14/27 MP: 3/3
   974 | D:2      | Reached skill level 4 in Axes
  1379 | D:2      | Noticed Robin
  1479 | D:2      | Reached XP level 4. HP: 17/33 MP: 4/4
  1671 | D:2      | Killed Robin
  1776 | D:2      | Found a stormy altar of Qazlal.
  2023 | D:2      | Noticed Jessica
  2028 | D:2      | Killed Jessica
  2028 | D:2      | Reached skill level 5 in Axes
  2116 | D:3      | Found a transporter.
  2118 | D:3      | Noticed EternalSandwich's ghost (amateur DESu)
  2319 | D:3      | Found a transporter.
  2496 | D:2      | Reached XP level 5. HP: 30/39 MP: 5/5
  3287 | D:4      | Noticed Menkaure
  3296 | D:4      | Killed Menkaure
  3296 | D:4      | Reached skill level 6 in Axes
  3296 | D:4      | Gained mutation: You are mostly covered in rugged brown
                  | scales. (AC +2, +5% HP) [demonic ancestry]
  3296 | D:4      | Reached XP level 6. HP: 32/46 MP: 6/6
  3300 | D:4      | Found Pudiam's General Store.
  3310 | D:4      | Bought a scroll of enchant armour for 97 gold pieces
  3310 | D:4      | Bought a scroll of identify for 26 gold pieces
  3310 | D:4      | Bought a scroll of remove curse for 39 gold pieces
  3497 | D:4      | Found a blossoming altar of Fedhas.
  3794 | D:4      | Reached skill level 7 in Axes
  3876 | D:5      | Entered Level 5 of the Dungeon
  3897 | D:5      | Reached XP level 7. HP: 22/52 MP: 7/7
  4264 | D:5      | Reached skill level 8 in Axes
  4583 | D:5      | Got a faintly humming ring mail
  4594 | D:5      | Identified the +0 ring mail "Pagrue Jiynu" {rElec rF- rC+
                  | MR+++} (You found it on level 5 of the Dungeon)
  4672 | D:5      | Found a runed translucent door.
  4675 | D:5      | Found a runed translucent door.
  4717 | D:5      | Reached skill level 9 in Axes
  4717 | D:5      | Gained mutation: You have large cloven feet. [demonic
                  | ancestry]
  4717 | D:5      | Reached XP level 8. HP: 53/58 MP: 8/8
  5504 | D:6      | Noticed Grinder
  5547 | D:6      | Reached skill level 10 in Axes
  5591 | D:6      | Killed Grinder
  6373 | D:7      | Found a snail-covered altar of Cheibriados.
  6379 | D:7      | Became a worshipper of Cheibriados the Contemplative
  6410 | D:7      | Found a staircase to the Ecumenical Temple.
  6410 | D:7      | Noticed Joseph
  6418 | D:7      | Reached skill level 11 in Axes
  6418 | D:7      | Gained mutation: You are partially covered in sharp spines.
                  | [demonic ancestry]
  6418 | D:7      | Reached XP level 9. HP: 61/64 MP: 9/9
  6436 | D:7      | Killed Joseph
  6826 | D:7      | Found a glowing silver altar of Zin.
  6865 | D:7      | Reached skill level 12 in Axes
  7352 | D:7      | Found a glowing golden altar of the Shining One.
  7405 | D:7      | Reached * piety under Cheibriados
  8210 | D:8      | Reached skill level 13 in Axes
  8221 | D:8      | Got a spiked leather armour
  8232 | D:8      | Identified the +2 leather armour "Xicu" {rPois} (You found
                  | it on level 8 of the Dungeon)
  8306 | D:8      | Reached XP level 10. HP: 42/70 MP: 10/10
  8334 | D:8      | Reached ** piety under Cheibriados
  8774 | D:9      | Found a runed translucent door.
  8778 | D:9      | Found a basalt altar of Yredelemnul.
  9253 | D:10     | Entered Level 10 of the Dungeon
  9253 | D:10     | Found Vusibiek's Gadget Shoppe.
  9256 | D:10     | Reached *** piety under Cheibriados
  9263 | D:10     | Reached skill level 14 in Axes
  9424 | D:10     | Noticed a cyclops
  9732 | D:10     | Found a staircase to the Lair.
  9790 | D:10     | Reached **** piety under Cheibriados
  9807 | D:10     | Found a staircase to the Orcish Mines.
  9823 | Orc:1    | Entered Level 1 of the Orcish Mines
  9852 | Orc:1    | Gained mutation: You are completely covered in rugged brown
                  | scales. (AC +3, +7% HP) [demonic ancestry]
  9852 | Orc:1    | Reached XP level 11. HP: 61/77 MP: 11/11
  9909 | Orc:2    | Entered Level 2 of the Orcish Mines
  9909 | Orc:2    | Found Zidwateq's Weapon Emporium.
 10423 | Orc:1    | Noticed a two-headed ogre
 10524 | Orc:2    | Reached skill level 5 in Throwing
 10561 | Orc:2    | Found a staircase to the Elven Halls.
 10565 | Orc:2    | Noticed Sonja
 10569 | Orc:2    | Noticed an orc sorcerer
 10575 | Orc:2    | Gained mutation: You are weak. (Str -2) [a neqoxec]
 10592 | Orc:2    | Slain by an ogre

Skill      XL: |  1  2  3  4  5  6  7  8  9 10 11 |
---------------+----------------------------------+-----
Axes           | 3 4 5 6 7 9 11 13 14 | 14.8
Throwing       | 3 5 |  5.2
Fighting       | |  2.0
Dodging        | |  2.6

Action                   |  1- 3 |  4- 6 |  7- 9 | 10-12 || total
-------------------------+-------+-------+-------+-------++-------
Melee: War axe           |   118 |   185 |   358 |   172 ||   833
       Unarmed           |     1 |       |       |       ||     1
       Kick              |       |       |    87 |    52 ||   139
Throw: Javelin           |       |     3 |    20 |    13 ||    36
       Throwing net      |       |     1 |     4 |     1 ||     6
       Tomahawk          |       |       |       |    11 ||    11
Invok: Bend Time         |       |       |     1 |     2 ||     3
Evoke: Wand              |       |       |     5 |     5 ||    10
  Use: Potion            |       |     1 |     2 |     1 ||     4
       Scroll            |       |     1 |     2 |     3 ||     6
 Stab: Sleeping          |     1 |       |       |       ||     1
       Held in net/web   |       |     1 |     1 |       ||     2
       Distracted        |       |       |     4 |     3 ||     7
  Eat: Chunk             |     2 |     7 |    14 |     6 ||    29
Armor: Leather armour    |    40 |       |     6 |     6 ||    52
       Plate armour      |    32 |   145 |    43 |       ||   220
       Ring mail         |       |       |    85 |       ||    85
       Scale mail        |       |       |       |    54 ||    54
Dodge: Dodged            |    58 |    23 |    93 |    39 ||   213
Block: Shield            |    14 |    86 |   140 |    70 ||   310
